General information
- name: BNet
- type: Ladder team game (AT/RT)
- host: Battle.net
- saver: timg4strOK
map: RiverOfSouls
- players: 6
- length: 19:06
- speed: Fast
- version: 1.23 W3XP
- replay type:

» download(147 KB)
Players
team 1 (loser)

»
BaX) (
orange | 75 APM | 1432 actions | 19:04)
5 Keeper of the Grove
3 Entangling Roots
2 Thorns Aura
2 Demon Hunter
1 Mana Burn
1 Evasion
» actions
| Assign group hotkey | 68 | |
| Basic commands | 26 | |
| Build / train | 67 | |
| Enter build submenu | 15 | |
| Enter hero's abilities submenu | 7 | |
| Right click | 902 | |
| Select / deselect | 251 | |
| Select group hotkey | 47 | |
| Use ability | 49 | |
1432 total
» units
| Wisp | 9 | |
| Huntress | 18 | |
| Dryad | 6 | |
| Druid of the Claw | 6 | |
39 total
» upgrades
| Strength of the Moon | 1 | |
| Moon Armor | 1 | |
| Strength of the Wild | 1 | |
| Druid of the Claw Training | 2 | |
| Abolish Magic | 1 | |
| Reinforced Hides | 1 | |
7 total
» buildings
| Altar of Elders | 1 | |
| Moon Well | 5 | |
| Ancient of War | 2 | |
| Hunter's Hall | 1 | |
| Tree of Ages | 1 | |
| Ancient of Lore | 3 | |
| Tree of Eternity | 1 | |
14 total
» build order
00:11 Altar of Elders
00:14 Moon Well
01:46 Ancient of War
01:48 Hunter's Hall
02:14 Moon Well
02:25 Ancient of War
03:09 Moon Well
05:48 Moon Well
06:33 Tree of Ages
07:52 Moon Well
09:21 Ancient of Lore
09:29 Ancient of Lore
09:32 Ancient of Lore
13:30 Tree of Eternity
» items
| Scroll of Protection | 1 | |
| Scroll of Town Portal | 1 | |
2 total
Gg( (
yellow | 60 APM | 1084 actions | 18:09)
5 Priestess of the Moon
2 Searing Arrows
3 Trueshot Aura
» actions
| Assign group hotkey | 38 | |
| Build / train | 54 | |
| Enter build submenu | 15 | |
| Enter hero's abilities submenu | 5 | |
| Remove unit from queue | 4 | |
| Right click | 587 | |
| Select / deselect | 288 | |
| Select group hotkey | 49 | |
| Use ability | 44 | |
1084 total
» units
| Wisp | 14 | |
| Huntress | 11 | |
| Dryad | 9 | |
| Druid of the Talon | 5 | |
39 total
» upgrades
| Abolish Magic | 1 | |
| Druid of the Talon Training | 1 | |
2 total
» buildings
| Altar of Elders | 1 | |
| Moon Well | 7 | |
| Hunter's Hall | 1 | |
| Ancient of War | 2 | |
| Tree of Ages | 1 | |
| Ancient of Lore | 1 | |
| Ancient of Wind | 1 | |
14 total
» build order
00:05 Altar of Elders
00:18 Moon Well
01:43 Hunter's Hall
01:46 Ancient of War
02:05 Ancient of War
02:13 Moon Well
04:31 Tree of Ages
05:03 Moon Well
05:19 Moon Well
06:46 Moon Well
08:02 Ancient of Lore
09:09 Ancient of Wind
09:10 Moon Well
12:29 Moon Well
» items
| Scroll of Town Portal | 1 | |
| Potion of Healing | 1 | |
2 total

»
LH-A12THAS (
pink | 123 APM | 2181 actions | 17:40)
5 Dark Ranger
3 Black Arrow
2 Silence
» actions
| Assign group hotkey | 42 | |
| Basic commands | 12 | |
| Build / train | 59 | |
| Enter build submenu | 19 | |
| Enter hero's abilities submenu | 5 | |
| Right click | 1128 | |
| Select / deselect | 249 | |
| Select group hotkey | 629 | |
| Use ability | 38 | |
2181 total
» units
| Peasant | 21 | |
| Footman | 1 | |
| Rifleman | 16 | |
| Mortar Team | 7 | |
45 total
» upgrades
» buildings
| Barracks | 2 | |
| Altar of Kings | 1 | |
| Farm | 7 | |
| Blacksmith | 1 | |
| Scout Tower | 1 | |
| Arcane Tower | 2 | |
| Arcane Vault | 1 | |
| Keep | 1 | |
| Arcane Sanctum | 1 | |
| Workshop | 1 | |
| Lumber Mill | 1 | |
19 total
» build order
00:15 Barracks
00:21 Altar of Kings
00:36 Farm
01:07 Farm
01:50 Blacksmith
01:56 Scout Tower
02:19 Barracks
02:23 Farm
02:24 Farm
02:43 Arcane Tower
02:43 Arcane Tower
05:53 Arcane Vault
06:00 Farm
06:35 Farm
07:35 Keep
12:51 Arcane Sanctum
12:55 Workshop
12:59 Lumber Mill
14:26 Farm
» items
team 2 (winner)
PLEASEDONTGO (
blue | 68 APM | 1303 actions | 19:05)
6 Archmage
3 Summon Water Elemental
2 Brilliance Aura
1 Mass Teleport
3 Mountain King
2 Storm Bolt
1 Bash
» actions
| Assign group hotkey | 33 | |
| Basic commands | 54 | |
| Build / train | 55 | |
| Enter build submenu | 27 | |
| Enter hero's abilities submenu | 9 | |
| Right click | 751 | |
| Select / deselect | 206 | |
| Select group hotkey | 103 | |
| Use ability | 65 | |
1303 total
» units
| Peasant | 8 | |
| Footman | 8 | |
| Rifleman | 10 | |
| Mortar Team | 3 | |
29 total
» upgrades
| Defend | 1 | |
| Long Rifles | 1 | |
| Gunpowder | 1 | |
| Armor | 2 | |
| Fragmentation Shards | 1 | |
| Flare | 1 | |
7 total
» buildings
| Altar of Kings | 1 | |
| Farm | 13 | |
| Lumber Mill | 1 | |
| Barracks | 2 | |
| Scout Tower | 1 | |
| Arcane Tower | 1 | |
| Keep | 2 | |
| Blacksmith | 1 | |
| Arcane Vault | 1 | |
| Castle | 4 | |
| Workshop | 2 | |
29 total
» build order
00:08 Altar of Kings
00:26 Farm
00:41 Farm
01:02 Lumber Mill
01:25 Barracks
01:34 Barracks
02:09 Farm
02:12 Scout Tower
02:15 Farm
02:42 Arcane Tower
04:17 Farm
04:17 Farm
06:03 Keep
06:03 Keep
06:05 Blacksmith
06:08 Arcane Vault
06:11 Farm
06:12 Farm
12:54 Castle
12:54 Castle
12:54 Castle
13:16 Farm
13:17 Farm
15:03 Workshop
15:04 Workshop
15:08 Farm
15:09 Farm
15:09 Farm
» items
SMERB.COM.cOM (
green | 105 APM | 1995 actions | 19:05)
5 Keeper of the Grove
3 Entangling Roots
2 Thorns Aura
» actions
| Assign group hotkey | 29 | |
| Basic commands | 125 | |
| Build / train | 83 | |
| ESC pressed | 2 | |
| Enter build submenu | 9 | |
| Enter hero's abilities submenu | 5 | |
| Give item / drop item | 1 | |
| Remove unit from queue | 8 | |
| Right click | 1088 | |
| Select / deselect | 203 | |
| Select group hotkey | 372 | |
| Use ability | 70 | |
1995 total
» units
» upgrades
| Moon Armor | 2 | |
| Strength of the Moon | 2 | |
4 total
» buildings
| Altar of Elders | 1 | |
| Moon Well | 3 | |
| Hunter's Hall | 1 | |
| Ancient of War | 2 | |
| Tree of Ages | 1 | |
| Tree of Life | 1 | |
9 total
» build order
00:05 Altar of Elders
00:08 Moon Well
01:42 Hunter's Hall
01:56 Ancient of War
02:13 Ancient of War
02:33 Moon Well
04:57 Moon Well
14:56 Tree of Ages
19:01 Tree of Life
» items
| Boots of Speed | 1 | |
| Dust of Appearance | 1 | |
| Scroll of Town Portal | 5 | |
| Scroll of Protection | 2 | |
| Potion of Mana | 1 | |
| Potion of Lesser Invulnerability | 2 | |
| Scroll of Healing | 1 | |
13 total

»
timg4strOK (
purple | 116 APM | 2212 actions | 19:06)
5 Archmage
3 Summon Water Elemental
2 Brilliance Aura
4 Mountain King
2 Storm Bolt
2 Bash
» actions
| Assign group hotkey | 41 | |
| Basic commands | 116 | |
| Build / train | 63 | |
| ESC pressed | 1 | |
| Enter build submenu | 23 | |
| Enter hero's abilities submenu | 9 | |
| Right click | 966 | |
| Select / deselect | 324 | |
| Select group hotkey | 588 | |
| Use ability | 81 | |
2212 total
» units
| Peasant | 18 | |
| Footman | 9 | |
| Sorceress | 2 | |
| Priest | 4 | |
| Spell Breaker | 6 | |
39 total
» upgrades
| Sorceress Training | 1 | |
| Priest Training | 1 | |
2 total
» buildings
| Altar of Kings | 1 | |
| Barracks | 1 | |
| Farm | 10 | |
| Scout Tower | 5 | |
| Arcane Tower | 1 | |
| Keep | 1 | |
| Arcane Vault | 1 | |
| Lumber Mill | 1 | |
| Guard Tower | 3 | |
| Arcane Sanctum | 2 | |
| Blacksmith | 1 | |
| Castle | 1 | |
28 total
» build order
00:04 Altar of Kings
00:10 Barracks
00:15 Farm
00:56 Farm
01:30 Farm
02:14 Scout Tower
03:09 Arcane Tower
04:38 Keep
05:23 Arcane Vault
05:26 Farm
05:40 Farm
06:37 Lumber Mill
07:03 Scout Tower
07:04 Scout Tower
07:59 Guard Tower
08:08 Arcane Sanctum
09:14 Arcane Sanctum
09:47 Farm
10:42 Scout Tower
11:28 Guard Tower
11:35 Farm
11:36 Farm
11:37 Scout Tower
12:33 Guard Tower
13:59 Blacksmith
18:14 Castle
18:16 Farm
18:18 Farm
» items
| Boots of Speed | 1 | |
| Staff of Teleportation | 1 | |
| Potion of Mana | 1 | |
| Potion of Healing | 1 | |
| Scroll of Town Portal | 1 | |
5 total
Chat log
(00:18 / Allies) PLEASEDONTGO: i gurantee they expect towers
(00:23 / All) timg4strOK: GOOD £UCK have ƒun!!!
(00:30 / All) LH-A12THAS: U2
(00:31 / Allies) SMERB.COM.cOM: you'd rather me not feed you for mass towers
(00:32 / Allies) SMERB.COM.cOM: or what
(00:45 / Allies) PLEASEDONTGO: we could
(00:46 / Allies) PLEASEDONTGO: mass
(00:50 / Allies) PLEASEDONTGO: if u want
(00:56 / Allies) PLEASEDONTGO: units i mean
(00:59 / Allies) PLEASEDONTGO: tim?
(01:03 / Allies) timg4strOK: honk honk
(01:09 / Allies) PLEASEDONTGO: units!?!
(01:27 / Allies) SMERB.COM.cOM: well
(01:30 / Allies) SMERB.COM.cOM: units or towers
(01:34 / Allies) SMERB.COM.cOM: ill hunts ... uhh i guess?
(01:38 / Allies) timg4strOK: i got rax up open your eyes......
(01:50 / Allies) timg4strOK: real eyes real lies realize
(01:52 / Allies) SMERB.COM.cOM: ..
(01:58 / Allies) PLEASEDONTGO: open your eyes and close your mouth..................
(02:33 / Allies) timg4strOK: are these guys bad
(02:37 / Allies) SMERB.COM.cOM: no
(03:54 / Allies) PLEASEDONTGO: go
(04:38 / Allies) PLEASEDONTGO: lets go
(04:39 / Allies) SMERB.COM.cOM: omw
(05:15 / All) timg4strOK: pijnk
(05:17 / All) timg4strOK: that was embarrassing
(05:21 / All) LH-A12THAS: okay?
(05:33 / All) timg4strOK: really really embarrassing
(05:36 / All) timg4strOK: you didn't kill one unit
(05:37 / Allies) SMERB.COM.cOM: sigh.
(05:43 / Allies) timg4strOK: did you guys see that
(05:44 / All) LH-A12THAS: cool?
(05:51 / Allies) timg4strOK: im almost level 3
(05:54 / Allies) timg4strOK: just from his base
(06:14 / Allies) timg4strOK: lmao
(06:48 / Allies) timg4strOK: mad hunt inc
(06:49 / Allies) timg4strOK: my base
(07:00 / Allies) SMERB.COM.cOM: omw
(08:05 / Allies) SMERB.COM.cOM: uhhh
(09:35 / All) timg4strOK: some bad dudes
(09:41 / All) BaX): ?
(09:44 / Allies) timg4strOK: gold please
(09:50 / Allies) SMERB.COM.cOM: cant
(11:45 / All) BaX): GG
(11:48 / All) SMERB.COM.cOM: Gg
(11:48 / All) timg4strOK: gg
(11:52 / All) timg4strOK: thanks for playing
(11:53 / All) timg4strOK: not...
(11:54 / All) BaX): glad you had manners this game smerb.
(11:57 / All) PLEASEDONTGO: gg wp
(11:59 / All) SMERB.COM.cOM: tt
(12:01 / All) BaX): I see purple has inherited them.
(12:04 / All) timg4strOK: was poor play on your part
(12:15 / Allies) timg4strOK: we won right
(12:17 / Allies) timg4strOK: im high as shit
(12:27 / Allies) SMERB.COM.cOM: b
(12:32 / Allies) SMERB.COM.cOM: damn..
(12:33 / Allies) SMERB.COM.cOM: wtf
(12:41 / Allies) PLEASEDONTGO: yeah we won
(12:45 / Allies) timg4strOK: ok ty
(12:48 / Allies) timg4strOK: was worried for a sec
(12:49 / Allies) SMERB.COM.cOM: sohuld have ended there.
(12:53 / Allies) timg4strOK: yeah i died
(12:57 / Allies) timg4strOK: i killed otn of his worker tho
(13:16 / Allies) SMERB.COM.cOM: lez go
(13:24 / Allies) PLEASEDONTGO: im not a lez
(13:44 / Allies) PLEASEDONTGO: come tim
(13:47 / Allies) timg4strOK: im there
(13:52 / Allies) timg4strOK: send wisp
(13:53 / Allies) timg4strOK: scout
(14:34 / Allies) SMERB.COM.cOM: k
(14:38 / Allies) SMERB.COM.cOM: \yea fufk
(14:40 / Allies) SMERB.COM.cOM: thats wha ti meatn
(14:40 / Allies) SMERB.COM.cOM: lol
(14:50 / Allies) timg4strOK: make them come out
(15:14 / All) SMERB.COM.cOM: nandieb
(15:45 / Allies) timg4strOK: yads
(17:40 / All) timg4strOK: why are you here
(17:42 / All) timg4strOK: yes
(17:44 / All) SMERB.COM.cOM: gg
(17:45 / All) timg4strOK: leave
(17:46 / All) timg4strOK: goodbye
(17:55 / All) PLEASEDONTGO: Clan towa #1
(18:25 / All) timg4strOK: LMFAO
(18:27 / All) PLEASEDONTGO: nice mass tp!!!
(18:29 / All) timg4strOK: DID U SEE THAT MASS T
(18:31 / All) timg4strOK: p
(18:55 / Allies) timg4strOK: saving this replay
(18:57 / Allies) timg4strOK: beginning was amazing
(19:00 / All) BaX): k gg
(19:01 / All) BaX): was afk
(19:02 / All) timg4strOK: bye
(19:03 / All) SMERB.COM.cOM: gg